[Event "Team 45 45 League T41"]
[Site "Internet Chess Club"]
[Date "2009.05.21"]
[Round "4"]
[White "Kalar-Yadwa"]
[Black "cobbler"]
[Result "1-0"]
[WhiteElo "1367"]
[BlackElo "1311"]
[Opening "King's Indian: 6.Be2"]
[ECO "E91"]
[Time "15:17:00"]
[TimeControl "2700+45"]

1. d4 Nf6 2. c4 g6 3. Nc3 Bg7 4. e4 d6 5. Nf3 O-O 6. Be2 b6 7. O-O Bb7 8. Qc2
Nbd7 9. Be3 c5 10. d5 Ng4 11. Bf4 Bh6 12. Bxh6 Nxh6 13. h3 f6 14. Qd2 Kg7 15.
Bd3 Nf7 16. Ne2 Nde5 17. Nf4 Nxf3+ 18. gxf3 Bc8 19. Kh2 Ne5 20. Be2 g5 21. Rg1
Kf7 22. Nd3 Nxd3 23. Qxd3 Qd7 24. Rg3 h5 25. Rag1 h4 26. Rg4 f5 27. exf5 Qxf5
28. Qxf5+ Bxf5 29. Rxg5 Ke8 30. Rg8 Kd7 31. R8g5 Rf6 32. Rh5 Rg6 33. Rxf5 Rxg1
34. Kxg1 Re8 35. Rh5 e6 36. dxe6+ Rxe6 37. Kf1 Kc6 38. Rxh4 d5 39. cxd5+ Kxd5
40. Bc4+ {Black resigns} 1-0

[Event "Team 45 45 League T41"]
[Site "Internet Chess Club"]
[Date "2009.05.24"]
[Round "4"]
[White "PotX"]
[Black "JustinZ"]
[Result "0-1"]
[WhiteElo "1095"]
[BlackElo "1269"]
[Opening "Ponziani: Jaenisch counter-attack"]
[ECO "C44"]
[Time "20:00:40"]
[TimeControl "2700+45"]

1. e4 e5 2. Nf3 Nc6 3. c3 Nf6 4. d3 Bc5 5. b4 Bb6 6. Be2 O-O 7. O-O d5 8. Nbd2
dxe4 9. Nxe4 Qe7 10. Ba3 Rd8 11. Ne1 Nxe4 12. Qc2 Nxf2 13. Nf3 Ng4+ 14. Kh1 Ne3
15. Qb3 Nxf1 16. Rxf1 Be6 17. Qb2 Bg4 18. b5 Bc5 19. Bxc5 Qxc5 20. bxc6 bxc6 21.
Qb4 Qxb4 22. cxb4 Bxf3 23. Bxf3 Rxd3 24. Bxc6 Rad8 25. Bf3 e4 26. Be2 Rd2 27.
Bg4 e3 28. h3 e2 29. Re1 Rd1 30. Rxd1 exd1=Q+ 31. Bxd1 Rxd1+ 32. Kh2 Ra1 {White
resigns} 0-1

[Event "Team 45 45 League T41"]
[Site "Internet Chess Club"]
[Date "2009.05.23"]
[Round "4"]
[White "budugu"]
[Black "yemisco1"]
[Result "1-0"]
[WhiteElo "1643"]
[BlackElo "1445"]
[Opening "Ruy Lopez: modern Steinitz defense"]
[ECO "C74"]
[Time "13:32:11"]
[TimeControl "2700+45"]

1. e4 e5 2. Nf3 Nc6 3. Bb5 d6 4. c3 a6 5. Ba4 b5 6. Bb3 h6 7. d4 Bg4 8. Bd5 Qd7
9. dxe5 Bxf3 10. e6 fxe6 11. Bxc6 Bxd1 12. Bxd7+ Kxd7 13. Kxd1 e5 14. f4 g6 15.
fxe5 dxe5 16. Be3 Ke6 17. Nd2 Nf6 18. h3 Rd8 19. Kc2 c5 20. g4 Rd7 21. Rhe1 c4
22. b3 Rc7 23. Rab1 Rc6 24. Bf2 Bg7 25. bxc4 bxc4 26. Rb7 Nd7 27. Reb1 Rhc8 28.
Ra7 R8c7 29. Rxc7 Rxc7 30. a4 Bf8 31. a5 Rc6 32. Ra1 Bd6 33. Ra4 Bc7 34. Rxc4
Rxc4 35. Nxc4 Kf6 36. Be3 g5 37. Kb3 Ke6 38. Ka4 Nf6 39. Nd2 Kd6 40. c4 Kc6 41.
Ba7 Bd6 42. Kb3 Bc7 43. Kb4 Nd7 44. c5 Nf6 45. Bb6 Bb8 46. Kc4 Nd7 47. Nf1 Nf6
48. Kd3 Nd7 49. Ne3 Bc7 50. Nd5 Nxc5+ 51. Bxc5 Kxc5 52. Nxc7 Kb4 53. Nxa6+ Kxa5
54. Nc5 Kb5 55. Nd7 Kc6 56. Nxe5+ Kd6 57. Nf7+ Ke6 58. Nxh6 Ke5 59. Nf7+ Kf6 60.
Nd6 Ke5 61. Nc4+ Kf4 62. e5 Kg3 63. e6 Kxh3 64. Ne5 Kg3 65. Ke4 Kh4 66. e7 Kh3
67. e8=Q Kg3 68. Ke3 Kg2 69. Qc6+ Kg3 70. Qf3+ Kh2 71. Qf2+ Kh3 72. Qg1 Kh4 73.
Nf3+ Kh3 74. Nxg5+ Kh4 75. Nf7 Kh3 76. Kf4 {Black resigns} 1-0

[Event "Team 45 45 League T41"]
[Site "Internet Chess Club"]
[Date "2009.05.22"]
[Round "4"]
[White "Aquaman"]
[Black "alaskauk"]
[Result "1-0"]
[WhiteElo "1403"]
[BlackElo "1496"]
[Opening "Queen's pawn"]
[ECO "A40"]
[Time "16:00:11"]
[TimeControl "2700+45"]

1. d4 c6 2. Bf4 d5 3. Nf3 Bg4 4. Nbd2 Nf6 5. h3 Bxf3 6. Nxf3 e6 7. e3 Bd6 8. Bd3
Qc7 9. Bg5 Nbd7 10. c4 h6 11. Bxf6 Nxf6 12. c5 Be7 13. b4 b5 14. O-O Nd7 15. a4
bxa4 16. Qxa4 O-O 17. b5 cxb5 18. Bxb5 Nb8 19. Ne5 a6 20. Qc2 f6 21. Ng6 Rd8 22.
Nf4 Qc8 23. Bd3 g5 24. Bh7+ Kh8 25. Ng6+ Kg7 26. Nxe7 Qd7 27. Nxd5 exd5 28. Bf5
Qf7 29. f4 Nc6 30. fxg5 hxg5 31. Qe2 Rh8 32. Rxa6 Qb7 33. Rxa8 Qxa8 34. Qf3 Qa3
35. Be6 Re8 36. Qxf6+ {Black resigns} 1-0

[Event "Team 45 45 League T41"]
[Site "Internet Chess Club"]
[Date "2009.05.22"]
[Round "4"]
[White "malihini"]
[Black "nozmov"]
[Result "0-1"]
[WhiteElo "1248"]
[BlackElo "1412"]
[Opening "French: advance, Paulsen attack"]
[ECO "C02"]
[Time "14:00:09"]
[TimeControl "2700+45"]

1. e4 e6 2. d4 d5 3. e5 c5 4. c3 Nc6 5. Nf3 Qb6 6. Be2 Nh6 7. b3 cxd4 8. Nxd4
Nxe5 9. Be3 Qd8 10. Bf4 Nc6 11. Nb5 e5 12. Bxh6 gxh6 13. Bh5 Be6 14. O-O a6 15.
N5a3 Qd7 16. Nc2 O-O-O 17. Qf3 Rg8 18. Qe3 Bd6 19. Qxh6 Rxg2+ 20. Kxg2 Bh3+ 21.
Kg1 Rg8+ 22. Kh1 Bg2+ 23. Kg1 Bf3+ 24. Bg4 Qxg4# {White checkmated} 0-1

[Event "Team 45 45 League T41"]
[Site "Internet Chess Club"]
[Date "2009.05.20"]
[Round "4"]
[White "cobra2008"]
[Black "PsyMar"]
[Result "1-0"]
[WhiteElo "1479"]
[BlackElo "1108"]
[Opening "two knights defense: Fegatello attack, Polerio defense"]
[ECO "C57"]
[Time "18:00:05"]
[TimeControl "2700+45"]

1. e4 e5 2. Nf3 Nc6 3. Bc4 Nf6 4. Ng5 d5 5. exd5 Nxd5 6. Nxf7 Kxf7 7. Qf3+ Ke6
8. Nc3 Ne7 9. d4 c6 10. dxe5 Qa5 11. Bd2 Qc5 12. b3 b5 13. Bxd5+ Nxd5 14. Qg4+
Kxe5 15. Qg5+ Ke6 16. Nxd5 Qxd5 17. Qg4+ Qf5 18. Qg3 Qe5+ 19. Qxe5+ Kxe5 20. O-O
Kd6 21. Bf4+ Kd7 22. Rfe1 c5 23. Rad1+ Kc6 24. Re8 a5 25. Rdd8 Ra7 26. Rxc8+ Kb6
27. Rxf8 Rxf8 28. Rxf8 Rd7 29. Kf1 Rd1+ 30. Ke2 Ra1 31. Rb8+ Ka7 32. Rxb5 Rxa2
33. Kd3 a4 34. Ra5+ Kb6 35. Rxa4 Rxa4 36. bxa4 Ka5 37. Kc4 Kxa4 38. c3 g6 39.
Kxc5 Kb3 40. c4 Kc3 41. Kd5 Kb4 42. c5 Kb5 43. Kd6 Ka6 44. c6 Ka7 45. Kd7 {Black
resigns} 1-0

[Event "Team 45 45 League T41"]
[Site "Internet Chess Club"]
[Date "2009.05.22"]
[Round "4"]
[White "noblitz-oblige"]
[Black "hogwash"]
[Result "1-0"]
[WhiteElo "1640"]
[BlackElo "1406"]
[Opening "King's pawn game"]
[ECO "C50"]
[Time "18:00:23"]
[TimeControl "2700+45"]

1. e4 e5 2. Nf3 Nc6 3. Bc4 Qf6 4. d3 Bc5 5. O-O h6 6. Nc3 Nge7 7. Be3 Nd4 8. Nb5
Nxf3+ 9. Qxf3 Qxf3 10. gxf3 Bd6 11. Rad1 a6 12. Nxd6+ cxd6 13. d4 b5 14. Bb3 O-O
15. dxe5 dxe5 16. Kh1 Kh8 17. Rg1 f5 18. Bc5 Re8 19. Bf7 Rf8 20. Bd5 Nxd5 21.
Bxf8 Bb7 22. Bxg7+ Kh7 23. exd5 Rg8 24. Bxe5 Rxg1+ 25. Rxg1 Bxd5 26. Rg7+ Kh8
27. Rxd7+ Kg8 28. Rxd5 f4 29. Bxf4 h5 30. Bg5 h4 31. Kg2 b4 32. Kh3 Kf7 33. Kg4
Ke6 34. Ra5 h3 35. Kf4 b3 36. axb3 Kd6 37. Ke4 Kc6 38. b4 Kb6 39. Kd5 Kc7 40.
Rxa6 Kb7 41. b5 Kc7 42. Bf4+ Kb7 43. c4 Kc8 44. Ra7 Kd8 45. Ke6 Kc8 46. b6 Kd8
47. Kd6 Ke8 48. b7 Kf8 49. b8=Q# {Black checkmated} 1-0

[Event "Team 45 45 League T41"]
[Site "Internet Chess Club"]
[Date "2009.05.25"]
[Round "4"]
[White "Krumpy"]
[Black "chesskix"]
[Result "1-0"]
[WhiteElo "1538"]
[BlackElo "1499"]
[Opening "Caro-Kann: 3.Nd2"]
[ECO "B12"]
[Time "20:01:08"]
[TimeControl "2700+45"]

1. e4 c6 2. d4 d5 3. Nd2 g6 4. exd5 cxd5 5. Bb5+ Nc6 6. Nb3 Nf6 7. Ne2 Bg7 8.
Bxc6+ bxc6 9. Ng3 Ba6 10. Nc5 Bb5 11. a4 a6 12. axb5 axb5 13. Rxa8 Qxa8 14. Bg5
O-O 15. O-O Re8 16. Bxf6 exf6 17. Re1 Rxe1+ 18. Qxe1 f5 19. c3 Qc8 20. Qa1 h5
21. Qa6 Qc7 22. Qb7 Qxb7 23. Nxb7 Bf8 24. Nc5 Bxc5 25. dxc5 Kf8 26. Ne2 Ke7 27.
Nd4 Kd7 28. b4 f4 29. g3 fxg3 30. fxg3 f5 31. Kf2 {Black resigns} 1-0

[Event "Team 45 45 League T41"]
[Site "Internet Chess Club"]
[Date "2009.05.23"]
[Round "4"]
[White "dondel"]
[Black "arconia"]
[Result "0-1"]
[WhiteElo "1349"]
[BlackElo "1345"]
[Opening "Old Benoni defense"]
[ECO "A43"]
[Time "22:01:07"]
[TimeControl "2700+45"]

1. d4 c5 2. Nf3 cxd4 3. Nxd4 e5 4. Nf3 Nc6 5. e4 Nf6 6. Nc3 Bc5 7. h3 Qb6 8. Qd2
Bb4 9. a3 Nxe4 10. Qe3 Bxc3+ 11. bxc3 Nc5 12. Nxe5 O-O 13. Nxc6 dxc6 14. Be2 Bf5
15. O-O Rfe8 16. Qf3 Bxc2 17. Be3 Qa5 18. Bxc5 Qxc5 19. Bd3 Bxd3 20. Qxd3 Rad8
21. Qf3 Re5 22. g4 h5 23. Rad1 Rxd1 24. Rxd1 hxg4 25. hxg4 Qe7 26. Kf1 f5 27.
gxf5 Qh4 28. Re1 Rxe1+ 29. Kxe1 Qe7+ 30. Qe3 Qxe3+ 31. fxe3 Kf7 32. e4 g6 33.
fxg6+ Kxg6 34. Ke2 Kf6 35. Ke3 Ke5 36. c4 c5 37. a4 b6 38. Kd3 Kf4 {White
resigns} 0-1

[Event "Team 45 45 League T41"]
[Site "Internet Chess Club"]
[Date "2009.05.21"]
[Round "4"]
[White "reverendjim"]
[Black "blkmagic"]
[Result "1/2-1/2"]
[WhiteElo "1328"]
[BlackElo "1239"]
[Opening "Ruy Lopez: closed, Averbach variation"]
[ECO "C87"]
[Time "23:31:28"]
[TimeControl "2700+45"]

1. e4 e5 2. Nf3 Nc6 3. Bb5 a6 4. Ba4 Nf6 5. O-O Be7 6. Re1 d6 7. c3 Bg4 8. d3
O-O 9. Nbd2 b5 10. Bc2 d5 11. h3 Bxf3 12. Nxf3 dxe4 13. dxe4 Qxd1 14. Rxd1 Rad8
15. Bg5 Ra8 16. Bxf6 Bxf6 17. Bb3 Rad8 18. Bd5 Ne7 19. Bb3 c6 20. g4 Ng6 21. g5
Be7 22. h4 Bd6 23. h5 Nf4 24. g6 hxg6 25. hxg6 Nxg6 26. Ng5 Nh8 27. Kg2 Be7 28.
Nf3 Bf6 29. Nh2 Ng6 30. Ng4 Nh4+ 31. Kg3 Ng6 32. Nxf6+ gxf6 33. Rxd8 Rxd8 34.
Rd1 Rxd1 35. Bxd1 c5 36. Bg4 {Game drawn by mutual agreement} 1/2-1/2

[Event "Team 45 45 League T41"]
[Site "Internet Chess Club"]
[Date "2009.05.23"]
[Round "4"]
[White "dscvdchk"]
[Black "EyeAm"]
[Result "1-0"]
[WhiteElo "1558"]
[BlackElo "1490"]
[Opening "Dutch with c4 & Nc3"]
[ECO "A85"]
[Time "18:02:24"]
[TimeControl "2700+45"]

1. d4 f5 2. c4 Nf6 3. Nc3 e6 4. g3 d5 5. cxd5 Nxd5 6. Nf3 Bb4 7. Bd2 Nc6 8. a3
Be7 9. Bg2 O-O 10. O-O Bf6 11. e3 a6 12. Nxd5 exd5 13. Rc1 Bd7 14. Qb3 Be6 15.
Qxb7 Ne7 16. Qxc7 Qe8 17. Qb6 Ng6 18. Bb4 Rf7 19. Rc2 {Black forfeits on time}
1-0

[Event "Team 45 45 League T41"]
[Site "Internet Chess Club"]
[Date "2009.05.23"]
[Round "4"]
[White "guyd52"]
[Black "houseofcook"]
[Result "1-0"]
[WhiteElo "1355"]
[BlackElo "1382"]
[Opening "Réti: King's Indian attack"]
[ECO "A08"]
[Time "08:00:08"]
[TimeControl "2700+45"]

1. Nf3 d5 2. g3 c5 3. Bg2 e6 4. d3 Bd6 5. O-O Nc6 6. Nbd2 Nge7 7. c4 O-O 8. a3
a5 9. b3 Qc7 10. Bb2 Bd7 11. e3 f6 12. d4 b6 13. Re1 Ng6 14. e4 Rab8 15. exd5
exd5 16. dxc5 bxc5 17. cxd5 Nce7 18. Nc4 Nf5 19. a4 Rfe8 20. Qc2 Bf8 21. Bc3 Nd6
22. Bxa5 Qa7 23. Nxd6 Bxd6 24. Bc3 Qb7 25. Nd2 Ne7 26. Ne4 Nf5 27. g4 Nd4 28.
Bxd4 Rxe4 29. Qxe4 cxd4 30. h3 Qb4 31. Rad1 Re8 32. Qd3 Rxe1+ 33. Rxe1 Qxe1+ 34.
Bf1 Qe5 35. Qg3 Qxg3+ 36. fxg3 Bxg3 37. Kg2 Bd6 38. Kf3 g5 39. Ke4 Be5 40. a5
Bb8 41. Kxd4 Ba7+ 42. Kc4 Kf8 43. b4 Ke7 44. b5 Kd6 45. b6 Bb8 46. a6 Bc8 47. a7
Bxa7 48. bxa7 Bb7 49. Kb5 Kxd5 50. Bg2+ {Black resigns} 1-0

[Event "Team 45 45 League T41"]
[Site "Internet Chess Club"]
[Date "2009.05.23"]
[Round "4"]
[White "Zohan"]
[Black "wekabird"]
[Result "1-0"]
[WhiteElo "1378"]
[BlackElo "1301"]
[Opening "Caro-Kann: exchange variation"]
[ECO "B13"]
[Time "22:00:07"]
[TimeControl "2700+45"]

1. e4 c6 2. d4 d5 3. exd5 cxd5 4. Bd3 Nf6 5. c3 e6 6. Nf3 Be7 7. O-O O-O 8. Bg5
b6 9. Qc2 Ba6 10. Bxa6 Nxa6 11. c4 Rc8 12. b3 Nb8 13. Nbd2 a6 14. a4 Bb4 15. Qd3
Bxd2 16. Nxd2 Nc6 17. Rac1 Nb4 18. Qe2 a5 19. Qf3 dxc4 20. Bxf6 Qxf6 21. Qxf6
gxf6 22. bxc4 f5 23. Nf3 Nd3 24. Rc2 Nb4 25. Rc3 f6 26. c5 bxc5 27. dxc5 Nc6 28.
Rb3 Rb8 29. Rb6 Rfc8 30. Rfb1 Nb4 31. Rxe6 Kf7 32. Rb6 Rxc5 33. Rxb8 h6 34. Rb7+
Kg6 35. Rb5 Rc4 36. Rxa5 Nd3 37. g3 Nc5 38. Nh4+ Kg5 39. Rbb5 Nxa4 40. Rxf5+ Kg4
41. Kg2 Rc1 42. f3# {Black checkmated} 1-0

[Event "Team 45 45 League T41"]
[Site "Internet Chess Club"]
[Date "2009.05.23"]
[Round "4"]
[White "WilmaP"]
[Black "Skylab"]
[Result "0-1"]
[WhiteElo "1159"]
[BlackElo "1254"]
[Opening "Sicilian"]
[ECO "B55"]
[Time "15:00:13"]
[TimeControl "2700+45"]

1. e4 c5 2. Nf3 d6 3. d4 cxd4 4. Nxd4 Nf6 5. Bd3 a6 6. O-O e6 7. Bg5 Nbd7 8. Nd2
Be7 9. N2f3 O-O 10. Re1 e5 11. Nf5 h6 12. Nxh6+ gxh6 13. Bxh6 Nh7 14. Bxf8 Qxf8
15. Qd2 Ndf6 16. c4 Qg7 17. Be2 Bh3 18. Nh4 Nxe4 19. Qe3 f5 20. Qxh3 Bxh4 21.
Qxh4 Rf8 22. b4 Rf6 23. c5 Rg6 24. Bc4+ Kh8 25. Qd8+ Nf8 26. g3 Nd2 27. Bd5 Ne4
28. Qh4+ Rh6 29. Qd8 Nc3 30. Bg2 f4 31. cxd6 fxg3 32. fxg3 e4 33. Bxe4 Nxe4 34.
Rxe4 Qxa1+ 35. Kg2 Qxa2+ 36. Kf3 Qb3+ 37. Re3 Qf7+ 38. Kg2 Rf6 39. Re2 Qd5+ 40.
Kg1 Qd1+ 41. Kg2 Qf1# {White checkmated} 0-1

[Event "Team 45 45 League T41"]
[Site "Internet Chess Club"]
[Date "2009.05.24"]
[Round "4"]
[White "Zohan"]
[Black "dondel"]
[Result "1/2-1/2"]
[WhiteElo "1377"]
[BlackElo "1350"]
[Opening "Sicilian: Smith-Morra gambit"]
[ECO "B21"]
[Time "17:31:35"]
[TimeControl "2700+45"]

1. e4 c5 2. d4 d5 3. Nc3 dxe4 4. Nxe4 cxd4 5. Nf3 Nc6 6. Bb5 Qa5+ 7. c3 Qxb5 8.
cxd4 e5 9. d5 Nb4 10. Nc3 Nd3+ 11. Kd2 Bb4 12. Qe2 Bxc3+ 13. bxc3 Qxd5 14. Qxd3
Qxd3+ 15. Kxd3 Bf5+ 16. Ke3 f6 17. Ba3 O-O-O 18. Rad1 Nh6 19. h3 Kc7 20. Bb4
Rxd1 21. Rxd1 Bc2 22. Rd2 Nf5+ 23. Ke2 Ba4 24. c4 e4 25. Nd4 Nxd4+ 26. Rxd4 Re8
27. c5 Kc6 28. Rd6+ Kb5 29. a3 Re7 30. Rd4 a5 31. Bc3 Bb3 32. Ke3 f5 33. f3
exf3+ 34. Kxf3 Kxc5 35. Rf4 Bd1+ 36. Kf2 g6 37. Bxa5 Re2+ 38. Kf1 Kd5 39. Bb6
Re4 40. Rf2 Bh5 41. Rd2+ Ke6 42. Bc5 Rf4+ 43. Kg1 Rc4 44. Bb4 f4 45. Rd6+ Ke5
46. Rb6 Rc1+ 47. Kh2 f3 48. Bd6+ Kd5 49. gxf3 Rc6 50. Rxc6 bxc6 51. Be7 Ke6 52.
Bb4 Bxf3 53. Kg3 Bd1 54. Kf4 Kd5 55. h4 c5 56. Be1 Kd4 57. Bf2+ Kd5 58. Kg5 c4
59. Be1 Ke4 60. Kh6 Bf3 61. Kxh7 Kf5 62. Kh6 Be4 63. a4 Kg4 64. a5 Bd3 65. Kg7
Kf5 66. a6 c3 67. Bxc3 Bxa6 68. Bd2 Bd3 69. Kh6 Kg4 70. Bg5 Be4 71. Bd8 Kf5 72.
Bg5 Bd3 {Game drawn by mutual agreement} 1/2-1/2

[Event "Team 45 45 League T41"]
[Site "Internet Chess Club"]
[Date "2009.05.25"]
[Round "4"]
[White "Skylab"]
[Black "jjaillet2007"]
[Result "0-1"]
[WhiteElo "1237"]
[BlackElo "1260"]
[Opening "French: Marshall variation"]
[ECO "C10"]
[Time "20:00:11"]
[TimeControl "2700+45"]

1. e4 e6 2. d4 d5 3. Nc3 c5 4. Nf3 Nc6 5. exd5 exd5 6. Bb5 Bd7 7. Be3 cxd4 8.
Nxd4 Ne5 9. Bxd7+ Nxd7 10. Nf3 Bb4 11. O-O Ngf6 12. Bg5 O-O 13. Nxd5 Bc5 14. b4
Be7 15. Nxe7+ Qxe7 16. a3 h6 17. Bh4 Rfd8 18. Re1 Qf8 19. Qe2 Re8 20. Qd2 Ne4
21. Rxe4 Rxe4 22. Qxd7 g5 23. Qxb7 Re7 24. Qc6 gxh4 25. Qd6 Re1+ {White resigns}
0-1

[Event "Team 45 45 League T41"]
[Site "Internet Chess Club"]
[Date "2009.05.26"]
[Round "4"]
[White "ars-felidae"]
[Black "WzeroMN"]
[Result "1-0"]
[WhiteElo "1241"]
[BlackElo "1222"]
[Opening "Giuoco Pianissimo: Canal variation"]
[ECO "C55"]
[Time "10:01:13"]
[TimeControl "2700+45"]

1. e4 e5 2. Nf3 Nc6 3. Bc4 Nf6 4. d3 Bc5 5. Nc3 d6 6. Bg5 Bg4 7. Nd5 Na5 8. h3
Bh5 9. g4 Bg6 10. b3 Nxc4 11. bxc4 h5 12. Nh4 hxg4 13. Nxg6 fxg6 14. Kd2 Rh5 15.
hxg4 Rxh1 16. Qxh1 Kf7 17. Qf3 Qh8 18. Rh1 Qg8 19. Nxf6 gxf6 20. Qxf6+ Ke8 21.
Qe7# {Black checkmated} 1-0

[Event "Team 45 45 League T41"]
[Site "Internet Chess Club"]
[Date "2009.05.24"]
[Round "4"]
[White "bowwrestler"]
[Black "Daidalos"]
[Result "1-0"]
[WhiteElo "1034"]
[BlackElo "1127"]
[Opening "French defense"]
[ECO "C01"]
[Time "15:00:14"]
[TimeControl "2700+45"]

1. e4 e6 2. d4 c6 3. Nf3 Be7 4. Nc3 d6 5. Bd3 Nf6 6. Be3 Nfd7 7. O-O b6 8. b4 a6
9. Qe2 Bf6 10. Qd2 e5 11. d5 Bb7 12. Rac1 b5 13. Bg5 O-O 14. Be3 Qe7 15. Ra1 c5
16. bxc5 Nxc5 17. Rfd1 Nxd3 18. Qxd3 Rc8 19. Ne2 Qd8 20. Ng3 Rc4 21. Nd2 Rc8 22.
Nf5 Qd7 23. Bb6 Bd8 24. Qe3 Bxb6 25. Qxb6 Rxc2 26. Nxd6 Rc7 27. Rac1 Rxc1 28.
Rxc1 Nc6 29. Nxb7 Nd4 30. Rc7 Ne2+ 31. Kf1 Qg4 32. d6 Nd4 33. f3 Qe6 34. Nc5 Qe8
35. Re7 Qd8 36. Qxd8+ Rxd8 37. Nb7 Rf8 38. d7 Nc6 39. Re8 Nd8 40. Nxd8 g5 41.
Nc6 Kg7 42. d8=Q Rxe8 43. Qxe8 h5 44. Nxe5 {Black resigns} 1-0

[Event "Team 45 45 League T41"]
[Site "Internet Chess Club"]
[Date "2009.05.24"]
[Round "4"]
[White "cobra2008"]
[Black "guyd52"]
[Result "1-0"]
[WhiteElo "1490"]
[BlackElo "1344"]
[Opening "Pirc defense"]
[ECO "B07"]
[Time "18:00:13"]
[TimeControl "2700+45"]

1. e4 Nf6 2. Nc3 g6 3. d4 d6 4. f3 Bg7 5. Be3 Nbd7 6. Qd2 b6 7. g4 e5 8. h4 exd4
9. Bxd4 Ne5 10. Bxe5 dxe5 11. Qxd8+ Kxd8 12. O-O-O+ Nd7 13. Bb5 a6 14. Bc6 Ra7
15. Nh3 Re8 16. Ng5 Bh6 17. Kb1 Bxg5 18. hxg5 Re6 19. Bd5 Rd6 20. Rxh7 c6 21.
Bxf7 Rxd1+ 22. Nxd1 Nf8 23. Rg7 Rd7 24. Kc1 a5 25. a4 Ba6 26. Ne3 Be2 27. b3
Bxf3 28. Nc4 Bxe4 29. Nxe5 Rc7 30. Rg8 Ke7 31. Bc4 b5 32. Rg7+ Kd6 33. Rxc7 Kxc7
34. axb5 cxb5 35. Bxb5 Ne6 36. Bd3 Bxd3 37. cxd3 Nxg5 38. Nxg6 Kd6 39. Kd2 Kc5
40. Kc3 Nf3 41. Ne7 Kb6 42. d4 Kb5 43. Ng6 Nxd4 44. Kxd4 Kb4 45. g5 Kxb3 46. Ne5
a4 47. g6 a3 48. g7 a2 49. g8=Q+ Kb2 50. Qb8+ Kc2 51. Qc8+ Kb1 52. Qb7+ Kc2 53.
Qc6+ Kb1 54. Qh1+ Kc2 55. Qa1 Kb3 56. Nd3 Ka3 57. Nc1 Ka4 58. Qxa2+ Kb5 59. Qc4+
Kb6 60. Nb3 Kb7 61. Na5+ Kb6 62. Qb4+ Kc7 63. Kd5 Kd7 64. Qd6+ Kc8 65. Qc6+ Kd8
66. Nb7+ Ke7 67. Qe6+ Kf8 68. Ke5 Kg7 69. Nd6 Kf8 70. Qf7# {Black checkmated}
1-0

[Event "Team 45 45 League T41"]
[Site "Internet Chess Club"]
[Date "2009.05.25"]
[Round "4"]
[White "CoasterBrake"]
[Black "rgadoury"]
[Result "1-0"]
[WhiteElo "1250"]
[BlackElo "1208"]
[Opening "English: symmetrical variation"]
[ECO "A34"]
[Time "18:01:44"]
[TimeControl "2700+45"]

1. c4 c5 2. Nc3 e6 3. g3 Nf6 4. Bg2 Be7 5. Nf3 Nc6 6. d4 cxd4 7. Nxd4 O-O 8. O-O
Rb8 9. Bf4 d6 10. Bxc6 e5 11. Bg2 exf4 12. Nd5 Nxd5 13. Bxd5 fxg3 14. fxg3 Qb6
15. Rb1 Bf6 16. e3 Bxd4 17. exd4 Be6 18. Bxe6 fxe6 19. Qg4 Rf5 20. Rxf5 exf5 21.
Qf4 Rd8 22. b3 Rf8 23. Kg2 Qd8 24. Re1 g5 25. Qf3 Qc7 26. Qd5+ Rf7 27. Re6 Qc6
28. Qxc6 bxc6 29. Rxd6 Rc7 30. Kf3 Kg7 31. h3 h5 32. g4 fxg4+ 33. hxg4 h4 34.
Re6 Rf7+ 35. Ke3 h3 36. Kd2 Rf2+ 37. Ke1 Rxa2 38. Re7+ Kf6 39. Rh7 h2 40. Kf1
Rb2 41. Rh3 Rxb3 42. Rxh2 Rf3+ 43. Rf2 Rxf2+ 44. Kxf2 Ke6 45. Ke2 Kd6 46. Kd3 a5
47. Kc3 c5 48. d5 Kc7 49. Kb3 Kb6 50. Ka4 Ka6 51. d6 Kb6 52. d7 Kc7 53. d8=Q+
Kxd8 54. Kxa5 Kc7 55. Kb5 Kd6 56. Kb6 Ke5 57. Kxc5 Kf4 58. Kb6 Kxg4 59. c5 Kf4
60. c6 g4 61. c7 g3 62. c8=Q g2 63. Qc1+ Kg3 64. Qg1 Kf3 65. Kc5 Kg3 66. Kd5 Kf3
67. Kd4 Kg3 68. Ke3 Kh3 69. Kf3 Kh4 70. Qxg2 Kh5 71. Kf4 {Black resigns} 1-0

[Event "Team 45 45 League T41"]
[Site "Internet Chess Club"]
[Date "2009.05.24"]
[Round "4"]
[White "taichichen"]
[Black "farbror"]
[Result "1-0"]
[WhiteElo "1195"]
[BlackElo "1220"]
[Opening "Four knights: Scotch, 4...exd4"]
[ECO "C47"]
[Time "12:25:09"]
[TimeControl "2700+45"]

1. e4 e5 2. Nf3 Nc6 3. Nc3 Nf6 4. d4 exd4 5. Nxd4 Nxd4 6. Qxd4 Be7 7. Bc4 O-O 8.
Bf4 c5 9. Qd3 d6 10. O-O-O Ng4 11. Qe2 Bg5 12. Bxg5 Qxg5+ 13. Kb1 Be6 14. Bd5
Qf4 15. f3 Ne3 16. g3 Qh6 17. Rd3 Nxd5 18. Nxd5 Bxd5 19. Rxd5 Qe6 20. Rhd1 Rad8
21. e5 f6 22. Rxd6 Rxd6 23. Rxd6 Qxe5 24. Re6 Qxe2 25. Rxe2 g5 26. c3 Kf7 27.
Kc2 Re8 28. Rxe8 Kxe8 29. Kb3 Kd7 30. Kc4 Kd6 31. a3 b6 32. b4 cxb4 33. axb4 a5
34. bxa5 bxa5 35. Kb5 Kd5 36. c4+ Kd6 37. c5+ Kc7 38. Kxa5 Kc6 39. Kb4 h5 40. h4
gxh4 41. gxh4 f5 42. f4 Kc7 43. c6 Kxc6 44. Kc4 Kd6 45. Kd4 Ke6 46. Kc5 Ke7 47.
Kd5 Kf6 48. Kd6 Kf7 49. Ke5 Kg6 50. Ke6 Kg7 51. Kxf5 Kf7 52. Kg5 Ke6 53. Kg6 Ke7
54. f5 Kf8 55. Kxh5 Kg7 56. Kg5 Kg8 57. h5 Kg7 58. f6+ Kf7 59. h6 Kg8 60. Kg6
Kh8 61. Kf7 Kh7 62. Ke7 Kg8 63. f7+ Kh7 64. f8=R Kxh6 65. Rg8 {Black resigns}
1-0

[Event "Team 45 45 League T41"]
[Site "Internet Chess Club"]
[Date "2009.05.22"]
[Round "4"]
[White "Sapienza"]
[Black "civilization"]
[Result "1-0"]
[WhiteElo "1621"]
[BlackElo "1643"]
[Opening "Sicilian: Anderssen variation"]
[ECO "B41"]
[Time "21:05:04"]
[TimeControl "2700+45"]

1. e4 c5 2. Nf3 e6 3. d4 cxd4 4. Nxd4 Nf6 5. Bd3 d5 6. e5 Nfd7 7. Nxe6 fxe6 8.
Qh5+ g6 9. Bxg6+ hxg6 10. Qxg6+ Ke7 11. Bg5+ Nf6 12. Bxf6+ Kd7 13. Bxd8 Kxd8 14.
Qf6+ Kd7 15. Qxh8 Bb4+ 16. c3 Bc5 17. O-O Nc6 18. Re1 Na5 19. Nd2 Kc7 20. Nb3
Nxb3 21. axb3 b6 22. Qg7+ Kc6 23. b4 {Black resigns} 1-0

[Event "Team 45 45 League T41"]
[Site "Internet Chess Club"]
[Date "2009.05.26"]
[Round "4"]
[White "knight2f3"]
[Black "Juan73"]
[Result "1-0"]
[WhiteElo "1502"]
[BlackElo "1647"]
[Opening "Queen's pawn game, Darooha variation "]
[ECO "D02"]
[Time "18:11:02"]
[TimeControl "2700+45"]

1. d4 d5 2. Nf3 Nf6 3. c4 Nc6 4. g3 Bg4 5. Bg2 e6 6. O-O Qd7 7. cxd5 Nxd5 8. Qb3
O-O-O 9. Nc3 h5 10. Qa4 f6 11. Nh4 g5 12. Ng6 Rg8 13. Nxf8 Rgxf8 14. e3 h4 15.
a3 hxg3 16. fxg3 Qh7 17. Rf2 f5 18. Nxd5 exd5 19. b4 a6 20. b5 axb5 21. Qxb5 Ne7
22. Rb1 b6 23. a4 Rd6 24. Ba3 Re6 25. Bc1 Rh8 26. Bh1 Rh6 27. Rbb2 Qg6 28. Rbc2
Qd6 29. Rc3 Bh5 30. Ba3 Qf6 31. Rfc2 f4 32. Rxc7+ Kb8 33. Qa6 Qc6 34. Qa7#
{Black checkmated} 1-0

[Event "Team 45 45 League T41"]
[Site "Internet Chess Club"]
[Date "2009.05.24"]
[Round "4"]
[White "PANAMA-REY"]
[Black "Mutaant"]
[Result "0-1"]
[WhiteElo "1280"]
[BlackElo "1449"]
[Opening "Giuoco Pianissimo"]
[ECO "C50"]
[Time "16:01:44"]
[TimeControl "2700+45"]

1. e4 e5 2. Bc4 Bc5 3. Nf3 Nc6 4. d3 h6 5. a4 Qf6 6. Nc3 Nge7 7. Nd5 Nxd5 8.
Bxd5 O-O 9. c3 a5 10. O-O Ne7 11. Bb3 d6 12. h3 Ng6 13. d4 Bb6 14. Be3 Ba7 15.
dxe5 Nxe5 16. Nxe5 Qxe5 17. Bc2 Bxe3 18. fxe3 Qg5 19. Rf3 Re8 20. Qd3 Re5 21.
Raf1 Be6 22. c4 Re8 23. Qc3 f6 24. Kh2 Bf7 25. Rg3 Qh5 26. Rxf6 R8e7 27. Rf1 Bg6
28. b3 Bxe4 29. Bxe4 Rxe4 30. Rff3 Qc5 31. Qf6 R4e6 32. Qc3 d5 33. Qd3 dxc4 34.
bxc4 Qb4 35. Rf1 Qxa4 36. Rgf3 Re8 37. Qd5 Qc6 38. Qd3 Qd6+ 39. Qxd6 cxd6 40.
Ra1 Rxe3 41. Rxe3 Rxe3 42. Rxa5 Rc3 43. Ra7 Rxc4 44. Rxb7 h5 45. Kg3 h4+ 46. Kf3
Kh7 47. Rd7 Rd4 48. Ke3 Rd5 49. Ke4 Re5+ 50. Kf4 Re6 51. Kg4 Re4+ 52. Kf3 Rd4
53. Ke3 Rd5 54. Ke4 Rd2 55. Kf3 Kh6 56. Rf7 g6 57. Rf4 Kh5 58. Rg4 Rd5 59. Ke4
Rf5 60. Kd4 Rg5 61. Rxg5+ Kxg5 62. Kd5 Kf4 63. Kxd6 Kg3 64. Ke6 Kxg2 65. Kf6
Kxh3 66. Kxg6 Kg2 67. Kg5 h3 68. Kg4 h2 {White resigns} 0-1